 Dungeon Sprint DCSS version 0.29-a0-541-gaf1fc19f1b (webtiles) character file.

Game seed: 17967664821631123378

866 nrs142 the Carver (level 7, -3/75 HPs)
             Began as a Minotaur Monk on June 2, 2022.
             Was an Initiate of Gozag.
             Slain by a gargoyle
             ... wielding a +0 morningstar
              (19 damage)
             ... in the Dungeon (Sprint IX: "|||||||||||||||||||||||||||||").
             The game lasted 00:03:38 (208 turns).

nrs142 the Carver (Minotaur Monk)                    Turns: 208, Time: 00:03:39

Health: -3/75      AC: 12    Str: 24    XL:     7   Next: 72%
Magic:  6/6        EV: 11    Int:  7    God:    Gozag
Gold:   0          SH:  0    Dex: 12    Spells: 6/6 levels left

rFire   . . .      SeeInvis .   l - +2 scimitar (vorpal)
rCold   . . .      Faith    .   (no shield)
rNeg    . . .      Spirit   .   n - +1 chain mail
rPois   .          Reflect  .   (helmet restricted)
rElec   .          Harm     .   (no cloak)
rCorr   .          Rampage  .   m - +0 pair of gloves
Will    .....      NoTele   +   a - +0 pair of boots
Stlth   ..........              (no amulet)
HPRegen 0.22/turn               p - +3 ring of strength
MPRegen 0.10/turn               o - +3 ring of strength

@: gold aura, slowed, very slow
A: horns 2, retaliatory headbutt
a: Renounce Religion, Potion Petition, Call Merchant, Bribe Branch


You were in the Dungeon.
You worshipped Gozag.
Gozag was noncommittal.
You visited 1 branch

Inventory:

Hand Weapons
 l - a +2 vorpal scimitar (weapon)
Armour
 a - a +0 pair of boots (worn)
 m - a +0 pair of gloves (worn)
 n - a +1 chain mail (worn)
Jewellery
 o - a +3 ring of strength (right hand)
 p - a +3 ring of strength (left hand)
Wands
 k - a wand of acid (10)
Scrolls
 i - 2 scrolls of blinking
 j - 2 scrolls of amnesia
Potions
 c - a potion of ambrosia
 d - 3 potions of curing
 e - a potion of heal wounds
 f - a potion of haste
 g - 4 potions of magic
 h - a potion of invisibility


   Skills:
 + Level 11.8 Fighting
 + Level 13.2 Long Blades
 + Level 2.3 Armour
 + Level 9.8 Dodging
 + Level 3.3 Stealth


You had 6 spell levels left.
You didn't know any spells.
Your spell library was empty.

Dungeon Overview and Level Annotations

Branches:
Dungeon (1/1)

Altars:
Cheibriados
Dithmenos
Elyvilon
Fedhas
Gozag
Hepliaklqana
Kikubaaqudgha
Makhleb
Nemelex Xobeh
Okawaru
Qazlal
Ru
Sif Muna
Trog
Uskayaw
Vehumet
Wu Jian
Xom
Yredelemnul
Zin
The Shining One
Beogh
Jiyva
Lugonu


Innate Abilities, Weirdness & Mutations

You have a pair of horns on your head.
You reflexively headbutt those who attack you in melee.


Message History

You shrug off the repeated paralysis!
You can move again.
You hit the hornet. Your headbutt misses the hornet.
The hornet is severely wounded.
The hornet barely misses you. You furiously retaliate!
You headbutt the hornet, but do no damage.
The hornet closely misses you.
You feel much better. The hornet stings you!
* * * LOW HITPOINT WARNING * * *
You feel as though you will be slow longer.
The hornet stings you but does no damage.
You hit the hornet but do no damage.
The hornet is severely wounded.
The hornet closely misses you. You furiously retaliate!
You headbutt the hornet. The hornet stings you.
* * * LOW HITPOINT WARNING * * *
You feel as though you will be slow longer.
You miss the hornet.
The hornet is almost dead.
The hornet stings you.
* * * LOW HITPOINT WARNING * * *
You are poisoned.
You feel as though you will be slow longer.
The hornet barely misses you. You furiously retaliate!
You headbutt the hornet!
You kill the hornet!
Your Long Blades skill increases to level 13!
Your Armour skill increases to level 2!
You feel better.
The gargoyle hurls a stone arrow at you.
The stone arrow misses you.
You hit the gargoyle. You headbutt the gargoyle.
The gargoyle is moderately damaged.
The gargoyle hurls a stone arrow at you.
The stone arrow hits you.
* * * LOW HITPOINT WARNING * * *
You hit the gargoyle.
The gargoyle is heavily damaged.
The gargoyle hits you with a +0 morningstar!!
You die...
Your body crumbles into a pile of gold.

▓+▓
▓.▓
$
▓.▓
$
▓.▓
$ $
▓.▓
$
▓9▓
$
▓@▓
▓'▓
$
▓[▓
$
▓.▓
$
▓.▓
▓.▓
$
▓.▓
▓.▓
$
▓)▓
$


You could see a gargoyle.

Vanquished Creatures
  An unseen horror (D)
  A hornet (D)
  A black bear (D)
  An ogre (D)
  A centaur (D)
  A hound (D)
  2 orcs (D)
  2 hobgoblins (D)
  A kobold (D)
  A ball python (D)
  A frilled lizard (D)
13 creatures vanquished.

Vanquished Creatures (others)
  An unseen horror (D)
1 creature vanquished.

Grand Total: 14 creatures vanquished

Notes
Turn   | Place    | Note
-------+----------+-------------------------------------------
     0 | D        | nrs142 the Minotaur Monk began the quest for the Orb.
     0 | D        | Reached XP level 1. HP: 19/19 MP: 0/0
     8 | D        | Reached skill level 4 in Long Blades
    17 | D        | Noticed a black bear
    17 | D        | Noticed an ogre
    17 | D        | Noticed a hound
    20 | D        | Killed a hound
    21 | D        | Reached skill level 5 in Fighting
    21 | D        | Reached skill level 5 in Long Blades
    21 | D        | Reached skill level 5 in Dodging
    21 | D        | Reached XP level 2. HP: 29/29 MP: 1/1
    21 | D        | Reached XP level 3. HP: 36/36 MP: 2/2
    22 | D        | Killed an ogre
    23 | D        | Reached skill level 7 in Long Blades
    23 | D        | Reached XP level 4. HP: 47/47 MP: 3/3
    29 | D        | Killed a black bear
    30 | D        | Reached skill level 9 in Long Blades
    30 | D        | Reached XP level 5. HP: 56/56 MP: 4/4
    49 | D        | Found a snail-covered altar of Cheibriados.
    49 | D        | Found a shadowy altar of Dithmenos.
    49 | D        | Found a white marble altar of Elyvilon.
    49 | D        | Found a blossoming altar of Fedhas.
    49 | D        | Found an opulent altar of Gozag.
    50 | D        | Found a hazy altar of Hepliaklqana.
    51 | D        | Found a viscous altar of Jiyva.
    52 | D        | Found an ancient bone altar of Kikubaaqudgha.
    53 | D        | Found a corrupted altar of Lugonu.
    54 | D        | Found a burning altar of Makhleb.
    55 | D        | Found a sparkling altar of Nemelex Xobeh.
    56 | D        | Found an iron altar of Okawaru.
    57 | D        | Found a stormy altar of Qazlal.
    60 | D        | Found a sacrificial altar of Ru.
    61 | D        | Found a shimmering blue altar of Sif Muna.
    62 | D        | Found a bloodstained altar of Trog.
    63 | D        | Found a hide-covered altar of Uskayaw.
    64 | D        | Found a radiant altar of Vehumet.
    71 | D        | Found an ornate altar of the Wu Jian Council.
    72 | D        | Found a shimmering altar of Xom.
   111 | D        | Became a worshipper of Gozag Ym Sagoz the Greedy
   120 | D        | Found a basalt altar of Yredelemnul.
   121 | D        | Found a glowing silver altar of Zin.
   122 | D        | Found a glowing golden altar of the Shining One.
   175 | D        | Noticed a gargoyle
   175 | D        | Noticed a hornet
   175 | D        | Noticed a centaur
   181 | D        | Killed an unseen horror
   182 | D        | Reached skill level 10 in Long Blades
   182 | D        | Reached XP level 6. HP: 39/64 MP: 5/5
   187 | D        | Reached skill level 10 in Fighting
   187 | D        | Reached skill level 11 in Long Blades
   193 | D        | Killed an unseen horror
   194 | D        | Reached skill level 12 in Long Blades
   194 | D        | Reached skill level 1 in Armour
   194 | D        | Reached XP level 7. HP: 27/74 MP: 6/6
   194 | D        | Paralysed by a hornet for 1 turns
   200 | D        | Paralysed by a hornet for 2 turns
   201 | D        | HP: 1/74 [hornet (10)]
   205 | D        | Killed a hornet
   206 | D        | Reached skill level 13 in Long Blades
   208 | D        | Slain by a gargoyle

Illustrated notes

Levels and vault maps discovered:
D:        linesprint [early_d, line_temple, items_1, d_10, items_2, lair_1,
          lair_end, items_3, orc_1, orc_end, items_4, d_15, swamp_1, shoals_1,
          snake_1, spider_1, d_20, vaults_1, items_5, swamp_end, shoals_end,
          snake_end, spider_end, vaults_end, d_27, items_6, zot_1, zot_end,
          crypt_end, forest_end, elf_end, slime_end, tomb_end, abyss_end,
          pan_hell_end]

Skill      XL: |  1  2  3  4  5  6  7 |
---------------+----------------------+-----
Fighting       | 5 7 8 9 11 | 11.8
Long Blades    | 5 7 9 10 12 13 | 13.2
Dodging        | 5 6 7 8 9 |  9.8
Stealth        | 2 3 |  3.3
Armour         | 1 2 |  2.3

Action                   |  1- 3 |  4- 6 |  7- 9 || total
-------------------------+-------+-------+-------++-------
Melee: Falchion          |    11 |     7 |       ||    18
       Headbutt          |     2 |     3 |     2 ||     7
       Punch             |       |     1 |       ||     1
       Scimitar          |       |    16 |     9 ||    25
  Use: Potion            |     1 |       |     4 ||     5
Armor: Robe              |     1 |       |       ||     1
       Chain mail        |       |    20 |     1 ||    21
Dodge: Dodged            |     7 |    11 |     9 ||    27

Table legend: (Time is in decaauts)
 A = Elapsed time spent in this place.
 B = Non-inter-level travel time spent in this place.
 C = Inter-level travel time spent in this place.
 D = Time resting spent in this place.
 E = Time spent auto-exploring this place.
 F = Levels seen in this place.
 G = Mean time per level.
                   A        B        C        D        E       F      G
               +--------+--------+--------+--------+--------+-----+--------+
         Total |    216 |    216 |      0 |     19 |      0 |   1 |  216.0 |
       Dungeon |    216 |    216 |      0 |     19 |      0 |   1 |  216.0 |
               +--------+--------+--------+--------+--------+-----+--------+

Top non-repeatable levels by time:
       D: 216 daAuts
